 Dungeon Crawl Stone Soup version 0.23.2-40-g277498a001 (webtiles) character file.

Game seed: 16860597962443794443

2123 DildoBatman the Stinger (level 9, -3/57 HPs)
             Began as a Formicid Wizard on Sept 16, 2019.
             Slain by a phantom (8 damage)
             ... on level 9 of the Dungeon.
             The game lasted 00:38:32 (8401 turns).

DildoBatman the Stinger (Formicid Wizard)           Turns: 8401, Time: 00:38:33

Health: -3/57      AC:  3    Str: 11    XL:     9   Next: 54%
Magic:  8/17       EV: 12    Int: 27    God:
Gold:   344        SH:  0    Dex:  9    Spells: 11/18 levels left

rFire    . . .     SeeInvis +   b - +1 halberd
rCold    . . .     Gourm    +   (no shield)
rNeg     . . .     Faith    .   w - +0 robe
rPois    .         Spirit   .   (helmet unavailable)
rElec    .         Reflect  .   G - +0 cloak
rCorr    .         Harm     .   (no gloves)
MR       .....                  (no boots)
Stlth    ++........             E - amulet of the gourmand
HPRegen  0.19/turn              h - +5 ring of intelligence
MPRegen  0.15/turn              (no ring)

@: very slightly contaminated, invisible
A: permanent stasis, dig shafts and tunnels, four strong arms, antennae 3
a: Dig, Shaft Self


You were on level 9 of the Dungeon.
You were not hungry.

You visited 2 branches of the dungeon, and saw 10 of its levels.

You collected 344 gold pieces.

Inventory:

Hand Weapons
 a - a +4 hand axe
 b - a +1 halberd (weapon)
 u - a +1 mace of crushing
Missiles
 k - 163 stones (quivered)
 m - 14 poisoned needles
 q - 38 sling bullets
 r - 8 tomahawks
 s - 15 bolts
 C - 89 arrows
Armour
 n - a scarf of spirit shield
 w - a +0 robe (worn)
 G - a +0 cloak (worn)
Jewellery
 h - a +5 ring of intelligence (left hand)
 E - an amulet of the gourmand (around neck)
Wands
 f - a wand of paralysis (9)
Scrolls
 i - a scroll of fog {unknown}
 l - 2 scrolls of immolation {unknown}
 o - 2 scrolls of remove curse {unknown}
 t - a scroll of enchant armour {unknown}
 y - a scroll of noise {unknown}
 z - 2 scrolls of identify
 A - a scroll of brand weapon {unknown}
 D - a scroll of amnesia {unknown}
 H - a scroll of blinking {unknown}
 J - a scroll of summoning {unknown}
 K - a scroll of enchant weapon {unknown}
Potions
 d - 2 potions of degeneration {unknown}
 e - a potion of lignification {unknown}
 j - a potion of cancellation {unknown}
 p - 2 potions of might
 x - a potion of heal wounds {unknown}
 B - a potion of ambrosia {unknown}
 I - a potion of mutation {unknown}
 L - a potion of flight {unknown}
Comestibles
 v - 12 rations


   Skills:
 - Level 1.0 Polearms
 - Level 1.7 Dodging
 - Level 2.4 Stealth
 * Level 5.3 Spellcasting
 - Level 5.3 Conjurations
   Level 1.0 Summonings
   Level 0.8 Translocations
 - Level 5.0 Fire Magic
 - Level 5.1 Air Magic
 - Level 6.0 Poison Magic


You had 11 spell levels left.
You knew the following spells:

 Your Spells              Type           Power        Failure   Level  Hunger
a - Conjure Flame         Conj/Fire      #####...     2%          3    #......
c - Magic Dart            Conj           ####         1%          1    None
e - Mephitic Cloud        Conj/Pois/Air  #####...     2%          3    #......

Your spell library contained the following spells:

 Spells                   Type           Power        Failure   Level  Hunger
 Flame Tongue             Conj/Fire      #####        1%          1    None
 Throw Flame              Conj/Fire      #####.       1%          2    None
 Call Imp                 Summ           ##......     7%          2    None
 Inner Flame              Hex/Fire       ###.....     8%          3    #......
 Sticky Flame             Conj/Fire      #####...     9%          4    ###....
 Slow                     Hex            #.......     11%         2    None
 Fireball                 Conj/Fire      #####.....   24%         5    #####..
 Blink                    Tloc           Unusable     N/A         2    N/A

Dungeon Overview and Level Annotations

Branches:
Dungeon (9/15)             Temple (1/1) D:6            Lair (0/6) D:8
    Orc: D:9-12

Altars:
Ashenzari
Cheibriados
Dithmenos
Elyvilon
Fedhas
Gozag
Hepliaklqana
Kikubaaqudgha
Makhleb
Nemelex Xobeh
Okawaru
Qazlal
Ru
Sif Muna
Trog
Uskayaw
Vehumet
Wu Jian
Xom
Yredelemnul
Zin
The Shining One

Shops:
D:6 }   D:7 :[(:   D:8 :

Annotations:
D:2 exclusions: adder and kobold
D:3 3 runed translucent doors, terix's ghost, amateur DsNe
D:5 exclusion: ogre
D:6 1 exclusion
D:7 2 transporters
D:8 Maurice


Innate Abilities, Weirdness & Mutations

You cannot be hasted, slowed, berserked, paralysed or teleported.
You can dig through walls and to a lower floor.
Your four strong arms can wield two-handed weapons with a shield.
You have a pair of large antennae on your head. (SInv)


Message History

You feel less confused.
The hippogriff is engulfed in noxious fumes.
The hippogriff appears confused.
The hippogriff bites you.
The hippogriff pecks you but does no damage.
The hippogriff claws you!
The hippogriff is engulfed in noxious fumes.
It was a potion of invisibility.
You fade into invisibility!
The hippogriff is engulfed in noxious fumes.
The hippogriff appears confused.
You are very lightly contaminated with residual magic.
You extend your mandibles.
You dig through the rock wall.
You dig through the rock wall.
You dig through the rock wall.
You dig through the rock wall.
You retract your mandibles.
The phantom hits you!
You die...

#### ##..## ####
####.##.#######..##### ###
##........#....@##....## ##..
##..#####...#####W.####.######.##
.§.##...##.##...##............##,
.#.#.8.8.#.#.8.8.#.############*,
.#.#.._..#.#.._..#.# *,,,* *,
.#H#.8...#{#...8.#.# *,{,* *,
.#.##...'#.#'...##.# *,,{* *,
'##.#####...#####.## *,{,*****+
.....†.†..⌠........# *,{,*,,,,,


You could see a phantom.

Vanquished Creatures
  A hornet (D:7)
  A sky beast (D:9)
  An eye of draining (D:4)
  7 ogres
  A bullfrog (D:7)
  A gnoll sergeant (D:5)
  A scorpion (D:7)
  A wight (D:6)
  2 howler monkeys (D:5)
  A bullfrog zombie (D:5)
  An orc priest (D:4)
  5 hounds
  3 jellies
  2 iguanas (D:7)
  4 orc wizards
  8 worker ants
  A hound zombie (D:5)
  6 gnolls
  7 adders
  An ooze (D:1)
  2 dart slugs (D:3)
  5 leopard geckos
  16 orcs
  9 bats
  7 giant cockroaches
  3 goblins
  6 hobgoblins
  7 jackals
  4 kobolds
  5 quokkas
  A ball python (D:5)
  A frilled lizard (D:4)
  A giant cockroach zombie (D:5)
  2 leopard gecko skeletons
  2 quokka skeletons (D:4)
  A quokka zombie (D:5)
  A rat (D:2)
  A fungus (D:8)
129 creatures vanquished.

Vanquished Creatures (collateral kills)
  A hound (D:8)
1 creature vanquished.

Grand Total: 130 creatures vanquished

Notes
Turn   | Place    | Note
-------+----------+-------------------------------------------
     0 | D:1      | DildoBatman the Formicid Wizard began the quest for the
                  | Orb.
     0 | D:1      | Reached XP level 1. HP: 13/13 MP: 4/4
    86 | D:1      | Reached skill level 1 in Conjurations
   190 | D:1      | Reached XP level 2. HP: 19/19 MP: 0/6
   564 | D:1      | Reached XP level 3. HP: 24/24 MP: 5/7
   569 | D:1      | Learned a level 3 spell: Conjure Flame
   573 | D:1      | Learned a level 3 spell: Mephitic Cloud
  1112 | D:2      | Reached XP level 4. HP: 30/30 MP: 2/8
  1203 | D:2      | Found a stormy altar of Qazlal.
  1770 | D:3      | Noticed terix's ghost (amateur DsNe)
  1789 | D:3      | Found a runed translucent gate.
  1789 | D:3      | Found a runed translucent gate.
  1789 | D:3      | Found a runed translucent gate.
  1919 | D:3      | Reached XP level 5. HP: 35/35 MP: 5/9
  2702 | D:4      | Noticed an ogre
  2710 | D:4      | Killed an ogre
  2710 | D:4      | Reached skill level 5 in Conjurations
  2710 | D:4      | Reached XP level 6. HP: 40/41 MP: 2/10
  2877 | D:4      | Noticed an ogre
  2877 | D:4      | Noticed an eye of draining
  2879 | D:4      | Noticed an ogre
  3075 | D:4      | Reached skill level 1 in Poison Magic
  3206 | D:4      | Killed an ogre
  3206 | D:4      | Reached skill level 1 in Fire Magic
  3206 | D:4      | Reached skill level 1 in Air Magic
  3206 | D:4      | Reached skill level 2 in Poison Magic
  3244 | D:4      | Reached XP level 7. HP: 23/46 MP: 4/11
  3463 | D:4      | Reached skill level 3 in Poison Magic
  3890 | D:5      | Entered Level 5 of the Dungeon
  4156 | D:5      | Reached skill level 4 in Poison Magic
  4228 | D:4      | Reached XP level 8. HP: 52/52 MP: 3/12
  4421 | D:6      | Found a bloodstained altar of Trog.
  4437 | D:6      | Found a staircase to the Ecumenical Temple.
  4444 | Temple   | Entered the Ecumenical Temple
  4959 | D:6      | Found a burning altar of Makhleb.
  4961 | D:6      | Found a glowing silver altar of Zin.
  4961 | D:6      | Noticed an angel
  4962 | D:6      | Noticed an Executioner
  5204 | D:7      | Reached skill level 5 in Poison Magic
  5292 | D:7      | Reached skill level 1 in Polearms
  5361 | D:7      | Found Vaim's Book Shoppe.
  5391 | D:7      | Noticed a hornet
  5398 | D:7      | Killed a hornet
  5417 | D:7      | Found Kuado's Antique Armour Boutique.
  5442 | D:7      | Reached skill level 6 in Poison Magic
  5457 | D:7      | Reached XP level 9. HP: 54/57 MP: 1/13
  5698 | D:7      | Found Xauhadeb's Weapon Shoppe.
  5817 | D:7      | Reached skill level 5 in Fire Magic
  6096 | D:7      | Found a transporter.
  6155 | D:7      | Found a transporter.
  6257 | D:7      | Found Xagatugg's Book Shop.
  6294 | D:6      | Found Humpyem's Gadget Emporium.
  6404 | D:8      | Found Hotowits's Book Boutique.
  6992 | D:5      | Reached skill level 5 in Air Magic
  7220 | D:5      | Found a snail-covered altar of Cheibriados.
  7597 | D:8      | Found a staircase to the Lair.
  7738 | D:8      | Found a deep blue altar of Sif Muna.
  7752 | D:8      | Noticed Maurice
  8254 | D:9      | Found a shattered altar of Ashenzari.
  8303 | D:9      | Found a radiant altar of Vehumet.
  8306 | D:9      | Found a basalt altar of Yredelemnul.
  8311 | D:9      | Found an ancient bone altar of Kikubaaqudgha.
  8338 | D:9      | Noticed a hippogriff
  8349 | D:9      | Reached skill level 5 in Spellcasting
  8388 | D:9      | Found an iron altar of Okawaru.
  8401 | D:9      | Slain by a phantom

Skill      XL: |  1  2  3  4  5  6  7  8  9 |
---------------+----------------------------+-----
Conjurations   | 1 2 3 4 5 |  5.3
Poison Magic   | 2 4 6 |  6.0
Fire Magic     | 1 3 4 5 |  5.0
Air Magic      | 1 2 3 5 |  5.1
Polearms       | 1 |  1.0
Spellcasting   | 5 |  5.3
Dodging        | |  1.7
Stealth        | |  2.4
Summonings     | |  1.0
Translocations | |  0.8

Action                   |  1- 3 |  4- 6 |  7- 9 || total
-------------------------+-------+-------+-------++-------
Melee: Unarmed           |     5 |       |       ||     5
       Club              |       |     9 |       ||     9
       Flail             |       |     8 |       ||     8
       Spear             |       |    10 |    46 ||    56
       Hand axe          |       |       |    30 ||    30
       Halberd           |       |       |   128 ||   128
 Cast: Magic Dart        |    63 |    80 |   101 ||   244
       Conjure Flame     |       |     2 |    30 ||    32
       Mephitic Cloud    |       |     5 |    37 ||    42
 Abil: Dig               |       |     2 |    13 ||    15
Evoke: Wand              |       |       |     2 ||     2
  Use: Scroll            |       |       |     6 ||     6
       Potion            |       |       |     3 ||     3
 Stab: Confused          |       |     3 |     5 ||     8
       Paralysed         |       |       |    11 ||    11
       Sleeping          |       |       |     1 ||     1
  Eat: Chunk             |       |     7 |    30 ||    37
Armor: Robe              |     3 |     3 |    18 ||    24
Dodge: Dodged            |     8 |    40 |    60 ||   108
